 Seeded DCSS version 0.29-a0-350-g7790a0e70a (webtiles) character file.

Game seed: 7774103814747607012 (custom seed)

23 zeratav the Ruffian (level 3, 34/34 HPs)
             Began as a Naga Fighter on Apr 22, 2022.
             Quit the game on level 1 of the Dungeon.
             The game lasted 00:01:08 (993 turns).

zeratav the Ruffian (Naga Fighter)                   Turns: 993, Time: 00:01:09

Health: 34/34      AC:  4    Str: 20    XL:     3   Next: 0%
Magic:  3/3        EV:  7    Int:  8    God:
Gold:   65         SH:  4    Dex: 10    Spells: 2/2 levels left

rFire   . . .      SeeInvis +   i - +0 club {mace}
rCold   . . .      Faith    .   b - +0 buckler
rNeg    . . .      Spirit   .   a - +0 scale mail
rPois   +          Reflect  .   (no helmet)
rElec   .          Harm     .   (no cloak)
rCorr   .          Rampage  .   (no gloves)
Will    .....                   (no barding)
Stlth   ..........              (no amulet)
HPRegen 0.11/turn               (no ring)
MPRegen 0.08/turn               (no ring)

@: very slow
A: AC +1, large, see invisible, deformed body, poison resistance, slowness 2,
spit poison 1, naga tail 1
a: Spit Poison


You were on level 1 of the Dungeon.
You visited 1 branch of the dungeon, and saw 1 of its levels.

You collected 65 gold pieces.


Innate Abilities, Weirdness & Mutations

Your serpentine skin is tough. (AC +1)
You have supernaturally acute eyesight. (SInv)
Armour fits poorly on your strangely shaped body.
Your system is resistant to poisons. (rPois)
You cover ground very slowly.
You can spit poison.
You have a snake-like lower body.


   Skills:
 - Level 3.0 Fighting
 - Level 2.4 Armour
 - Level 2.4 Shields
 + Level 3.3 Unarmed Combat


You had 2 spell levels left.
You didn't know any spells.
Your spell library was empty.

Inventory:

Hand Weapons
 e - a +0 whip {mace}
   (You took it off a kobold on level 1 of the Dungeon)
 f - a +0 rapier {short}
   (You found it on level 1 of the Dungeon)
 g - a +0 dagger {short}
   (You took it off a kobold on level 1 of the Dungeon)
 i - a +0 club (weapon) {mace}
   (You took it off a goblin on level 1 of the Dungeon)
Armour
 a - a +0 scale mail (worn)
 b - a +0 buckler (worn)
 j - a +0 leather armour
   (You found it on level 1 of the Dungeon)
 k - a +0 ring mail
   (You found it on level 1 of the Dungeon)
Scrolls
 d - a scroll of fog {unknown}
 h - a scroll of magic mapping {unknown}
 l - a scroll of immolation {unknown}
 m - a scroll of teleportation {unknown}
Potions
 c - a potion of might
 n - a potion of curing {unknown}

Dungeon Overview and Level Annotations

Branches:
Dungeon (1/15)

Altars:

...........##.≈#≈.#.#...#######.#
...........##.≈≈≈.#.#.....#####.#
...........##.≈8≈.#.......'.....#
...........##.....#####...#######
...........##♣...♣# #...#
...........##P♣.♣P# #...#
(..........###P.P## #...#
...........##P#<#P# #...#
...........###.♣@## #####
...........# #♣#♣# ############


There were no monsters in sight!


Message History

No target in view!
No target in view!
No target in view!
No target in view!
You see here a bat corpse.
You open the door.
There is an open door here.
A giant cockroach and a frilled lizard come into view.
The frilled lizard hisses angrily.
The giant cockroach bites you but does no damage.
HP[+2]
Your hp is fully restored (28).
You hit the giant cockroach but do no damage.
The giant cockroach bites you but does no damage.
You hit the giant cockroach but do no damage.
The giant cockroach bites you but does no damage. x2
You hit the giant cockroach but do no damage.
The giant cockroach bites you but does no damage.
You barely miss the giant cockroach.
The giant cockroach bites you but does no damage.
The frilled lizard bites you but does no damage.
You block the giant cockroach's attack. The frilled lizard barely misses you.
You barely miss the giant cockroach. The giant cockroach bites you.
The frilled lizard completely misses you.
The giant cockroach bites you but does no damage.
HP[-2]
You take 2 damage, and now have 26/28 hp.
You barely miss the giant cockroach. The giant cockroach closely misses you.
The frilled lizard barely misses you.
You hit the giant cockroach but do no damage.
The giant cockroach barely misses you. The frilled lizard bites you.
The giant cockroach completely misses you.
The frilled lizard bites you but does no damage.
HP[-2]
You take 2 damage, and now have 24/28 hp.
You hit the giant cockroach but do no damage.
The giant cockroach bites you.
The frilled lizard bites you but does no damage.
The giant cockroach barely misses you.
HP[-2]
You take 2 damage, and now have 22/28 hp.
You hit the giant cockroach. The frilled lizard closely misses you.
You block the giant cockroach's attack.
You barely miss the giant cockroach. You block the giant cockroach's attack.
The frilled lizard bites you but does no damage.
The giant cockroach bites you but does no damage.
The frilled lizard barely misses you.
You barely miss the giant cockroach.
The giant cockroach bites you but does no damage.
The frilled lizard bites you.
You closely miss the giant cockroach. The giant cockroach closely misses you.
The frilled lizard bites you.
The giant cockroach bites you but does no damage.
HP[-1]
You take 1 damage, and now have 21/28 hp.
You are too injured to fight recklessly!
You are too injured to fight recklessly!
You are too injured to fight recklessly!
You are too injured to fight recklessly!
You are too injured to fight recklessly!
You are too injured to fight recklessly!
You are too injured to fight recklessly!
You are too injured to fight recklessly!
You are too injured to fight recklessly!
You are too injured to fight recklessly!
You are too injured to fight recklessly!
You are too injured to fight recklessly!
You are too injured to fight recklessly!
You hit the giant cockroach. You block the frilled lizard's attack.
You block the giant cockroach's attack. The frilled lizard bites you.
The giant cockroach bites you but does no damage.
HP[-3]
You take 3 damage, and now have 18/28 hp.
You hit the giant cockroach.
You kill the giant cockroach!
The frilled lizard bites you but does no damage.
The frilled lizard bites you but does no damage.
The frilled lizard bites you.
HP[-1]
You take 1 damage, and now have 17/28 hp.
You closely miss the frilled lizard. You block the frilled lizard's attack.
You hit the frilled lizard.
You kill the frilled lizard!
You have reached level 3!
Your experience leads to an increase in your attributes!
Increase (S)trength, (I)ntelligence, or (D)exterity?
You feel stronger. x2; Your skin feels tougher.
HP[+4] MP[+1]
You now have 34 max hp (+6).
You regained 4 hp, and now have 21/34 hp.
Your mp is fully restored (3).
You now have 65 gold pieces (gained 5).
You open the door.
There is an open door here.
There is a staircase leading out of the dungeon here.
Done exploring.
HP[+13]
Your hp is fully restored (34).
Done exploring.
Are you sure you want to abandon this character and quit the game? (Confirm with "yes".)

Skill      XL: |  1  2 |
---------------+-------+-----
Unarmed Combat | 3 |  3.3
Fighting       | |  3.0
Armour         | |  2.4
Shields        | |  2.4

Action                   || total
-------------------------++-------
Melee: Unarmed           ||    23
       Club              ||    56
Armor: Scale mail        ||    46
Dodge: Dodged            ||    36
Block: Buckler           ||    21

Levels and vault maps discovered:
D:1:      tarquinn_simple_flora_water_d, layout_basic,
          hellmonk_ecumenical_altar_lost_god

Notes
Turn   | Place    | Note
-------+----------+-------------------------------------------
     0 | D:1      | zeratav the Naga Fighter began the quest for the Orb.
     0 | D:1      | Reached XP level 1. HP: 21/21 MP: 1/1
     0 | D:1      | magus.rc [v1.9.6]
   383 | D:1      | Reached XP level 2. HP: 26/28 MP: 2/2
   483 | D:1      | Found a faded altar of an unknown god.
   580 | D:1      | Reached skill level 3 in Unarmed Combat
   819 | D:1      | Reached XP level 3. HP: 21/34 MP: 3/3
   993 | D:1      | Quit the game

Vanquished Creatures
  2 endoplasms (D:1)
  2 giant cockroaches (D:1)
  2 goblins (D:1)
  A hobgoblin (D:1)
  3 jackals (D:1)
  2 bats (D:1)
  A frilled lizard (D:1)
  3 kobolds (D:1)
  5 rats (D:1)
21 creatures vanquished.

Table legend:
 A = Non-vault XP
 B = Vault XP
 C = Vault XP percentage of total XP
 D = Non-vault monster count
 E = Vault monster count
 F = Vault count percentage of total count
                 A         B        C        D         E       F
            +---------+---------+-------+---------+---------+-------
      Total |      34 |       0 |   0.0 |      21 |       0 |   0.0
            +---------+---------+-------+---------+---------+-------
        D:1 |      34 |       0 |   0.0 |      21 |       0 |   0.0
            +---------+---------+-------+---------+---------+-------

Illustrated notes

Table legend:
 A = Kills in this place as a percentage of kills in entire the game.
 B = Kills by you in this place as a percentage of kills by you in the entire game.
 C = Kills by friends in this place as a percentage of kills by friends in the entire game.
 D = Other kills in this place as a percentage of other kills in the entire game.
 E = Experience gained in this place as a percentage of experience gained in the entire game.
 F = Experience gained in this place divided by the number of levels of this place that you have seen.
                   A       B       C       D       E      F
               +-------+-------+-------+-------+-------+----------------------
         Total | 100.0 | 100.0 |   N/A |   N/A | 100.0 |  34.0
       Dungeon | 100.0 | 100.0 |   N/A |   N/A | 100.0 |  34.0
               +-------+-------+-------+-------+-------+----------------------

Table legend: (Time is in decaauts)
 A = Elapsed time spent in this place.
 B = Non-inter-level travel time spent in this place.
 C = Inter-level travel time spent in this place.
 D = Time resting spent in this place.
 E = Time spent auto-exploring this place.
 F = Levels seen in this place.
 G = Mean time per level.
                   A        B        C        D        E       F      G
               +--------+--------+--------+--------+--------+-----+--------+
         Total |   1161 |   1161 |      0 |     60 |    928 |   1 | 1161.0 |
       Dungeon |   1161 |   1161 |      0 |     60 |    928 |   1 | 1161.0 |
               +--------+--------+--------+--------+--------+-----+--------+

Top non-repeatable levels by time:
     D:1: 1161 daAuts
